 Dungeon Crawl Stone Soup version 0.27-a0-1196-g3e9cee4cb2 (webtiles) character file.

Game seed: 13159838549193113827

21332 freelancePsychic the Stormcaller (level 12, -5/72 HPs)
             Began as a Tengu Air Elementalist on May 28, 2021.
             Was an Elder of Vehumet.
             Killed by an exploding ball lightning (18 damage)
             ... on level 2 of the Lair of Beasts.
             The game lasted 00:42:10 (22342 turns).

freelancePsychic the Stormcaller (TeAE)            Turns: 22342, Time: 00:42:11

Health: -5/72      AC: 10    Str: 12    XL:     12   Next: 88%
Magic:  1/7        EV: 22    Int: 20    God:    Vehumet [****..]
Gold:   289        SH:  0    Dex: 18    Spells: 4/25 levels left

rFire    + . .     SeeInvis +   a - +9 spear "Kunelaeps" {antimagic, *Slow Dex+3}
rCold    + . .     Faith    .   (no shield)
rNeg     . . .     Spirit   .   j - +2 robe {rC+ rF+}
rPois    .         Reflect  .   (helmet restricted)
rElec    .         Harm     .   w - +2 cloak
rCorr    .         Rampage  .   E - +2 pair of gloves {Str+3}
Will     +....                  (boots unavailable)
Stlth    ++........             (no amulet)
HPRegen  0.22/turn              e - ring of willpower
MPRegen  0.10/turn              y - ring of see invisible

@: flying quickly and evasively, quick
A: beak, talons 3, nimble flight
a: Renounce Religion


You were on level 2 of the Lair of Beasts.
You worshipped Vehumet.
Vehumet was greatly pleased with you.
You visited 3 branches of the dungeon, and saw 15 of its levels.
You visited 1 bazaar.
You also visited: Sewer.

You collected 783 gold pieces.
You spent 494 gold pieces at shops.

Inventory:

Hand Weapons
 a - the +9 spear "Kunelaeps" (weapon) {antimagic, *Slow Dex+3}
   (You bought it in a shop in a bazaar)

   It reduces the magical energy of the wielder, and disrupts the spells and
   magical abilities of those hit.
   Natural abilities and divine invocations are not affected.
   It affects your dexterity (+3).
   It may slow you when you take damage.
Missiles
 G - 2 curare-tipped darts
Armour
 j - a +2 robe of resistance (worn)
 w - a +2 cloak (worn)
 E - a +2 pair of gloves of strength (worn)
Jewellery
 e - a ring of willpower (left hand)
 y - a ring of see invisible (right hand)
 F - a ring of protection from cold
Wands
 i - a wand of acid (31)
 t - a wand of digging (6)
 z - a wand of iceblast (14)
 B - a wand of polymorph (8)
 C - a wand of flame (46)
 D - a wand of mindburst (20)
Scrolls
 b - 3 scrolls of amnesia
 k - 2 scrolls of immolation
 o - 3 scrolls of teleportation {@r4}
 p - a scroll of fog
 u - 3 scrolls of noise
 v - 3 scrolls of enchant weapon
 x - 2 scrolls of blinking
 A - a scroll of brand weapon
 H - 3 scrolls of identify {@r1}
 K - a scroll of enchant armour
Potions
 c - a potion of lignification {unknown}
 d - 2 potions of might
 f - 2 potions of brilliance {unknown}
 g - 14 potions of curing {@q1}
 h - 2 potions of mutation {unknown}
 l - 10 potions of heal wounds {@q2}
 m - a potion of cancellation {unknown}
 n - 2 potions of flight {unknown}
 q - 2 potions of attraction
 r - 4 potions of berserk rage
 s - 2 potions of haste {unknown}
 J - 3 potions of invisibility {unknown}
 L - a potion of resistance {unknown}
Miscellaneous
 I - a phantom mirror


   Skills:
 + Level 7.5 Fighting
 + Level 10.2 Dodging
 - Level 2.0 Stealth
 - Level 7.2 Spellcasting
 + Level 12.2 Conjurations
 + Level 16.0 Air Magic


You had 4 spell levels left.
You knew the following spells:

 Your Spells              Type           Power      Damage    Failure   Level
a - Shock                 Conj/Air       100%       1d9       1%          1
b - Static Discharge      Conj/Air       59%        N/A       1%          2
c - Lightning Bolt        Conj/Air       29%        1d46      1%          5
d - Airstrike             Air            31%        N/A       1%          4
e - Mephitic Cloud        Conj/Pois/Air  44%        N/A       1%          3
f - Conjure Ball Lightni  Conj/Air       29%        3x3d8     1%          6

Your spell library contained the following spells:

 Spells                   Type           Power      Damage    Failure   Level
 Fulminant Prism          Conj/Hex       15%        3d11      2%          4
 Magic Dart               Conj           100%       1d8       1%          1
 Poisonous Vapours        Pois/Air       78%        N/A       1%          2
 Conjure Flame            Conj/Fire      31%        6-21      1%          3
 Dazzling Flash           Conj/Hex       62%        N/A       1%          3
 Swiftness                Air            63%        N/A       1%          3
 Corona                   Hex            7%         N/A       10%         1
 Blink                    Tloc           N/A        N/A       14%         2
 Call Imp                 Summ           7%         N/A       14%         2
 Ensorcelled Hibernation  Hex/Ice        14%        N/A       14%         2
 Slow                     Hex            7%         N/A       14%         2
 Confusing Touch          Hex            7%         N/A       28%         3
 Tukima's Dance           Hex            7%         N/A       28%         3
 Silence                  Hex/Air        19%        N/A       10%         5


Dungeon Overview and Level Annotations

Branches:
Dungeon (11/15)            Temple (1/1) D:5            Lair (3/6) D:10
 Shoals (0/4) Lair:2        Sewer (visited)
  Snake: Lair:2-4    Spider: Lair:2-4       Orc: D:9-12

Altars:
Ashenzari
Cheibriados
Elyvilon
Hepliaklqana
Makhleb
Qazlal
Uskayaw
Vehumet
Xom
Yredelemnul
Zin

Shops:
D:1 :?[   D:2 *   D:8 ?   D:9 *[

Annotations:
D:2 Sigmund
Lair:1 3 runed translucent doors, zarzak's ghost, journeyman DgFi


Innate Abilities, Weirdness & Mutations

You have a beak for a mouth.
You have claws for feet.
Your magical nature lets you fly swiftly and evasively.


Message History

The blink frog blinks!
The black mamba bites you!
There is a stone staircase leading up, spattered with blood here.
The water moccasin completely misses you.
The water moccasin bites you but does no damage.
The black mamba closely misses you. The water moccasin closely misses you.
The water moccasin barely misses you.
You fly upwards.
There is a stone staircase leading down here.
Things that are here:
a +0 robe; a +2 scimitar of flaming
Casting: Static Discharge (safe; 1% risk of failure)
Confirm with . or Enter, or press ? or * to list all spells.
You create some ball lightning! 3 ball lightnings come into view.
The black mamba misses you. The black mamba closely misses you.
The water moccasin completely misses you.
The water moccasin bites you.
Your ball lightning explodes!
The blast of lightning engulfs the plant!!
The plant begins to die.
The plant is lightly damaged.
The blast of lightning engulfs you!!
The blast of lightning engulfs the black mamba!
The black mamba is moderately wounded.
The blast of lightning engulfs your ball lightning.
Your ball lightning completely resists.
Your ball lightning explodes!
The blast of lightning engulfs you!
* * * LOW HITPOINT WARNING * * *
The blast of lightning engulfs the black mamba!!
The black mamba is severely wounded.
The blast of lightning engulfs the water moccasin!
The water moccasin is moderately wounded.
The blast of lightning engulfs the water moccasin!
The water moccasin is moderately wounded.
Your ball lightning explodes!
The blast of lightning engulfs the water moccasin!!
The water moccasin is almost dead.
The blast of lightning engulfs you!!
You die...

# ##≈≈≈≈≈≈≈≈####..##
##≈..######.#..#
###P...# ##...#
#.#....# ##...##
##.###.## #.....#
##....P### ##....#
#.......# #.P..##
#####PP...## #...S#
##.######...####@SS#
....# ##...##....#
....# ###....†..#
.#### #.......# ..#
#.....P.# .##
####.....### .#
#.#....### .#
###.....# .##
#.....###


You could see a black mamba and 2 water moccasins.

Vanquished Creatures
  3 hydras
  Erica (Lair:2)
  2 two-headed ogres
  2 death yaks (D:10)
  6 cane toads
  2 trolls (D:11)
  A hornet (D:9)
  Grinder (D:4)
  7 blink frogs
  A meliai zombie (D:11)
  A snapping turtle (Lair:2)
  A shadow (D:11)
  2 wyverns
  2 basilisks (Lair:2)
  2 steam dragons
  14 yaks
  Grum (D:10)
  4 vampire mosquitoes (D:10)
  14 water moccasins
  3 orc warriors
  A hornet zombie (D:8)
  An ice beast (D:6)
  3 sky beasts
  8 ogres
  6 wolves
  10 centaurs
  2 phantoms
  4 kobold brigands
  6 bullfrogs
  2 scorpions
  A wyvern skeleton (D:7)
  9 killer bees
  4 wights (D:7)
  7 howler monkeys
  An electric eel (D:6)
  7 centaur zombies
  A bullfrog zombie (D:6)
  A jelly (D:4)
  Crazy Yiuf (D:5)
  An orc priest (D:9)
  A centaur skeleton (D:7)
  A hound (D:5)
  3 iguanas
  7 orc wizards
  Robin (D:2)
  9 adders
  3 river rats (Sewer)
  A white imp (D:7)
  An ufetubus (D:4)
  An adder skeleton (D:4)
  2 worms
  3 dart slugs
  17 orcs
  3 endoplasms
  8 giant cockroaches
  12 goblins
  13 hobgoblins
  10 jackals
  30 kobolds
  6 quokkas
  7 ball pythons
  4 bats
  14 frilled lizards
  26 rats
329 creatures vanquished.

Vanquished Creatures (collateral kills)
  3 ball lightnings (D:11)
3 creatures vanquished.

Vanquished Creatures (others)
  33 ball lightnings
  9 fungi
  27 plants
69 creatures vanquished.

Grand Total: 401 creatures vanquished

Notes
Turn   | Place    | Note
-------+----------+-------------------------------------------
     0 | D:1      | freelancePsychic the Tengu Air Elementalist began the quest
                  | for the Orb.
     0 | D:1      | Reached XP level 1. HP: 10/10 MP: 4/4
   201 | D:1      | Found Diphilaf's Book Shoppe.
   206 | D:1      | Reached XP level 2. HP: 15/15 MP: 0/6
   612 | D:1      | Found Ozxotull's Antique Armour Shop.
   707 | D:1      | Reached XP level 3. HP: 19/19 MP: 3/7
   928 | D:1      | Found Sucoast's Magic Scroll Shop.
  1087 | D:1      | Learned a level 2 spell: Static Discharge
  1434 | D:2      | Found Oggebaeg's General Store.
  1642 | D:2      | Reached XP level 4. HP: 4/24 MP: 2/9
  1650 | D:2      | Reached skill level 5 in Air Magic
  1766 | D:2      | Learned a level 4 spell: Airstrike
  1786 | D:2      | Noticed Sigmund
  2119 | D:2      | Noticed Robin
  2122 | D:2      | Killed Robin
  2852 | D:2      | Gained mutation: Your magical nature lets you fly swiftly
                  | and evasively. [Tengu growth]
  2852 | D:2      | Reached XP level 5. HP: 28/28 MP: 7/10
  3346 | D:3      | Noticed an ogre
  3439 | D:3      | Reached skill level 6 in Air Magic
  4109 | D:3      | Found a broken altar of Ashenzari.
  4183 | D:3      | Found a burning altar of Makhleb.
  4183 | D:3      | Found a snail-covered altar of Cheibriados.
  4183 | D:3      | Found a hide-covered altar of Uskayaw.
  4540 | D:3      | Killed an ogre
  4541 | D:3      | Reached skill level 1 in Fighting
  4541 | D:3      | Reached skill level 7 in Air Magic
  4541 | D:3      | Reached XP level 6. HP: 35/35 MP: 2/12
  4640 | D:3      | Found a glowing silver altar of Zin.
  5569 | D:4      | Found a hazy altar of Hepliaklqana.
  5854 | D:4      | Reached XP level 7. HP: 41/41 MP: 0/13
  6160 | D:4      | Noticed Grinder
  6170 | D:4      | Killed Grinder
  6171 | D:4      | Reached skill level 8 in Air Magic
  6724 | D:5      | Entered Level 5 of the Dungeon
  6783 | D:5      | Found a staircase to the Ecumenical Temple.
  6810 | Temple   | Entered the Ecumenical Temple
  6888 | Temple   | Became a worshipper of Vehumet
  6918 | D:5      | Reached skill level 9 in Air Magic
  6918 | D:5      | Reached XP level 8. HP: 38/48 MP: 2/14
  7174 | D:5      | Identified Uriphunu's Guide on Weightlessness
  7554 | D:5      | Found a runed translucent door.
  7555 | D:5      | Noticed Crazy Yiuf
  7992 | D:1      | Bought a glowing robe for 96 gold pieces
  8264 | D:6      | Found a glowing drain.
  8277 | D:6      | Reached skill level 5 in Dodging
  8277 | D:6      | Reached skill level 10 in Air Magic
  8283 | Sewer    | Entered a sewer
  8730 | Sewer    | Reached * piety under Vehumet
  8730 | Sewer    | Offered knowledge of Freeze by Vehumet.
  9662 | D:6      | Reached XP level 9. HP: 52/52 MP: 6/15
  9676 | D:6      | Offered knowledge of Sandblast by Vehumet.
  9892 | D:6      | Reached skill level 11 in Air Magic
 10054 | D:5      | Killed Crazy Yiuf
 10315 | D:6      | Reached ** piety under Vehumet
 10782 | D:6      | Found a white marble altar of Elyvilon.
 10869 | D:6      | Learned a level 3 spell: Mephitic Cloud
 10987 | D:7      | Reached skill level 12 in Air Magic
 12093 | D:7      | Reached skill level 5 in Conjurations
 12444 | D:8      | Reached XP level 10. HP: 56/56 MP: 9/17
 12457 | D:8      | Identified the +0 dagger "Goblinbane" {vorpal, Drain rF+
                  | Str+6}
 12752 | D:8      | Reached skill level 5 in Spellcasting
 13066 | D:8      | Found Cexzef's Magic Scroll Shoppe.
 13378 | D:8      | Found a basalt altar of Yredelemnul.
 13589 | D:9      | Offered knowledge of Searing Ray by Vehumet.
 13615 | D:9      | Reached skill level 13 in Air Magic
 13769 | D:9      | Found Fauzik's Antique Armour Shop.
 13789 | D:9      | Bought a pair of glowing gloves for 142 gold pieces
 13906 | D:9      | Found Ekhaenly's General Store.
 14445 | D:9      | Noticed a two-headed ogre
 14460 | D:9      | Killed a two-headed ogre
 14564 | D:9      | Reached *** piety under Vehumet
 14794 | D:10     | Entered Level 10 of the Dungeon
 14806 | D:10     | Noticed a two-headed ogre
 14818 | D:10     | Killed a two-headed ogre
 14908 | D:10     | Noticed Grum
 14917 | D:10     | Killed Grum
 15009 | D:9      | Learned a level 5 spell: Lightning Bolt
 15019 | D:10     | Reached XP level 11. HP: 61/61 MP: 1/22
 15248 | D:10     | Reached skill level 14 in Air Magic
 15335 | D:10     | Offered knowledge of Inner Flame by Vehumet.
 15449 | D:10     | Noticed a death yak
 15456 | D:10     | Noticed a death yak
 15456 | D:10     | Noticed a death yak
 15459 | D:10     | Noticed a death yak
 15460 | D:10     | Noticed a death yak
 15460 | D:10     | Noticed a death yak
 15465 | D:10     | Killed a death yak
 15471 | D:10     | Killed a death yak
 16216 | D:10     | Found a shimmering altar of Xom.
 16527 | D:10     | Found a staircase to the Lair.
 17002 | D:10     | Reached skill level 10 in Conjurations
 17265 | D:11     | Found a flickering gateway to a bazaar.
 17286 | Bazaar   | Entered a bazaar
 17411 | Bazaar   | Found Wulehy's General Store.
 17415 | Bazaar   | Found Jurer's General Store.
 17415 | Bazaar   | Found Machuc's Antique Weapon Boutique.
 17416 | Bazaar   | Found Ecohux's Antique Armour Boutique.
 17444 | Bazaar   | Bought a transparent spear for 256 gold pieces
 17444 | Bazaar   | Identified the +9 spear "Kunelaeps" {antimagic, *Slow
                  | Dex+3} (You bought it in a shop in a bazaar)
 17464 | D:11     | Reached skill level 5 in Fighting
 17636 | D:11     | Reached **** piety under Vehumet
 17899 | D:11     | Learned a level 6 spell: Conjure Ball Lightning
 18021 | D:11     | Noticed a boulder beetle
 18235 | Lair:1   | Entered Level 1 of the Lair of Beasts
 18257 | Lair:1   | Offered knowledge of Fulminant Prism by Vehumet.
 18364 | Lair:1   | Noticed a five-headed hydra
 18369 | Lair:1   | Killed a five-headed hydra
 18370 | Lair:1   | Reached skill level 15 in Air Magic
 18370 | Lair:1   | Reached XP level 12. HP: 69/69 MP: 1/23
 18663 | Lair:1   | Noticed an ice dragon
 18698 | Lair:1   | Noticed zarzak's ghost (journeyman DgFi)
 19235 | Lair:1   | Found a runed translucent gate.
 19235 | Lair:1   | Found a runed translucent gate.
 19235 | Lair:1   | Found a runed translucent gate.
 19254 | Lair:1   | Noticed an eight-headed hydra
 19257 | Lair:1   | Noticed a six-headed hydra
 20276 | Lair:2   | Noticed Erica
 20280 | Lair:2   | Killed Erica
 20689 | Lair:2   | Noticed a four-headed hydra
 20692 | Lair:2   | Noticed a six-headed hydra
 20751 | Lair:2   | Noticed a four-headed hydra
 20758 | Lair:2   | Killed a four-headed hydra
 21427 | Lair:2   | Killed a four-headed hydra
 21428 | Lair:2   | Reached skill level 10 in Dodging
 21859 | Lair:2   | Found a staircase to the Shoals.
 22205 | Lair:2   | Reached skill level 16 in Air Magic
 22342 | Lair:2   | Killed by an exploding ball lightning

Illustrated notes

Levels and vault maps discovered:
D:1:      amcnicky_arrival_feature_with_door, layout_rooms, serial_shops, shop,
          shop_coins, shop, minmay_worlds_worst_comb
D:2:      layout_basic, serial_shops,
          nicolae_shop_temple_entry_statues_fountains, minmay_lizard_king,
          uniq_robin, uniq_sigmund, uniq_jessica
D:3:      layout_basic, ashenzari_conservatory_becter,
          gammafunk_temple_overflow_forgotten, amcnicky_altar_gilded
D:4:      layout_basic, nicolae_hepliaklqana_hippocampus,
          serial_co_window_serial, co_window_paths_a,
          co_window_of_opportunity_a, co_window_cross_1,
          co_window_of_opportunity_a, co_window_paths_a,
          co_window_of_opportunity_a, co_window_paths_b, co_window_paths_a,
          co_window_paths_b, co_window_corner_cb, co_window_broadway_a,
          co_window_broadway_b, co_window_corner_b, co_window_cross_4,
          co_window_of_opportunity_b, co_window_corner_b, glass_columns_a,
          glass_columns_b, glass_columns_a, glass_columns_b, glass_columns_c,
          uniq_grinder
D:5:      layout_basic, minmay_temple_entry_glass, columned_hall_lemuel,
          uniq_crazy_yiuf_cottage
D:6:      layout_basic, nicolae_elyvilon_temple_path,
          cheibrodos_sewer_entry_drain, minmay_misc_feat_tiny,
          serial_park_tiny_1, st_stairs_2
D:7:      layout_basic
D:8:      layout_cave_pools, general_overflow_altar, serial_shops,
          shop_fountains, kennysheep_generic_room_3
D:9:      layout_rooms, serial_shops, shop_fountains, shop_fountains,
          serial_curves, eino_curves_03, eino_curves_01, eino_curves_04,
          eino_curves_04
D:10:     layout_roguey, lemuel_tele_altar, dpeg_lair_monsters, orc_0_dummy,
          uniq_grum
D:11:     layout_stronghold, serial_shops, bzr_entry_lakeside
Temple:   nicolae_temple_figure_eight
Lair:1:   layout_cave_pods, gammafunk_ghost_icy
Lair:2:   layout_concentric_octagons, minmay_shoals_entry_hut, uniq_erica
Lair:3:   layout_gridlike

Skill      XL: |  1  2  3  4  5  6  7  8  9 10 11 12 |
---------------+-------------------------------------+-----
Conjurations   | 2 3 5 8 10 12 | 12.2
Air Magic      | 5 7 9 10 12 13 15 16 | 16.0
Spellcasting   | 3 4 6 7 |  7.2
Fighting       | 1 3 4 5 7 |  7.5
Dodging        | 3 6 7 8 10 | 10.2
Stealth        | |  2.0

Action                   |  1- 3 |  4- 6 |  7- 9 | 10-12 || total
-------------------------+-------+-------+-------+-------++-------
Melee: Unarmed           |    41 |     6 |    28 |    17 ||    92
       Peck              |     7 |       |     7 |     8 ||    22
       Kick              |     6 |     1 |     6 |    11 ||    24
       Spear             |       |       |       |    19 ||    19
 Cast: Shock             |    54 |    56 |     7 |     4 ||   121
       Static Discharge  |    12 |    43 |    51 |    53 ||   159
       Airstrike         |       |     6 |    87 |   158 ||   251
       Lightning Bolt    |       |       |       |    47 ||    47
       Conjure Ball Ligh |       |       |       |    13 ||    13
  Use: Scroll            |     2 |       |    13 |     8 ||    23
       Potion            |       |     1 |       |       ||     1
 Stab: Sleeping          |     2 |       |       |       ||     2
Armor: Robe              |     7 |     1 |    11 |    70 ||    89
Dodge: Dodged            |    32 |    22 |    86 |   198 ||   338

Table legend: (Time is in decaauts)
 A = Elapsed time spent in this place.
 B = Non-inter-level travel time spent in this place.
 C = Inter-level travel time spent in this place.
 D = Time resting spent in this place.
 E = Time spent auto-exploring this place.
 F = Levels seen in this place.
 G = Mean time per level.
                   A        B        C        D        E       F      G
               +--------+--------+--------+--------+--------+-----+--------+
         Total |  21490 |  20803 |    687 |   3351 |  15074 |  17 | 1264.1 |
       Dungeon |  16114 |  15531 |    583 |   2644 |  11120 |  11 | 1464.9 |
        Temple |     86 |     71 |     15 |      0 |     66 |   1 |   86.0 |
          Lair |   3949 |   3860 |     89 |    547 |   2866 |   3 | 1316.3 |
        Bazaar |    163 |    163 |      0 |      0 |    148 |   1 |  163.0 |
         Sewer |   1175 |   1175 |      0 |    159 |    872 |   1 | 1175.0 |
               +--------+--------+--------+--------+--------+-----+--------+

Top non-repeatable levels by time:
     D:2: 2273 daAuts
  Lair:2: 2090 daAuts
     D:4: 1773 daAuts
    D:10: 1757 daAuts
  Lair:1: 1757 daAuts
     D:6: 1574 daAuts
     D:8: 1498 daAuts
     D:3: 1438 daAuts
     D:9: 1408 daAuts
     D:7: 1239 daAuts
     D:5: 1223 daAuts
   Sewer: 1175 daAuts
     D:1: 1174 daAuts
    D:11: 751 daAuts
  Bazaar: 163 daAuts
